 Dungeon Crawl Stone Soup version 0.28.0-53-g5a82cb258f (webtiles) character file.

Game seed: 5291878264746056236

435 enile the Ducker (level 7, -11/53 (54) HPs)
             Began as a Merfolk Venom Mage on May 27, 2022.
             Mangled by an ogre
             ... wielding a +0 giant club
              (21 damage)
             ... on level 5 of the Dungeon.
             The game lasted 00:07:46 (5846 turns).

enile the Ducker (Merfolk Venom Mage)               Turns: 5846, Time: 00:07:46

HP:   -11/53 (54)   AC:  2    Str:  8    XL:     7   Next: 0%
MP:   3/11          EV: 15    Int: 16    God:
Gold: 113           SH:  0    Dex: 15    Spells: 6/12 levels left

rFire   . . .      SeeInvis .   f - +0 dagger
rCold   + . .      Faith    .   (no shield)
rNeg    . . .      Spirit   .   a - +0 robe
rPois   .          Reflect  .   (no helmet)
rElec   .          Harm     .   (no cloak)
rCorr   +          Rampage  .   (no gloves)
Will    .....                   (no boots)
Stlth   +++.......              (no amulet)
HPRegen 0.17/turn               h - ring "Ochutat" {Fly rC+ rCorr}
MPRegen 0.12/turn               (no ring)

@: flying, lightly drained
A: (nimble swimmer 2), mertail
a: no special abilities


You were on level 5 of the Dungeon.
You visited 1 branch of the dungeon, and saw 5 of its levels.

You collected 113 gold pieces.

Inventory:

Hand Weapons
 b - a +0 war axe
 f - a +0 dagger (weapon)
 l - a +0 hunting sling
Missiles
 m - 14 sling bullets
 n - 5 datura-tipped darts
Armour
 a - a +0 robe (worn)
Jewellery
 h - the ring "Ochutat" (left hand) {Fly rC+ rCorr}
   (You found it on level 2 of the Dungeon)

   [ring of flight]

   rC:        It protects you from cold.
   Fly:       It grants you flight.
   rCorr:     It protects you from acid and corrosion.
Scrolls
 k - a scroll of immolation {unknown}
 p - a scroll of enchant weapon {unknown}
 q - a scroll of vulnerability {unknown}
 r - a scroll of blinking
Potions
 d - a potion of might {unknown}
 e - a potion of mutation {unknown}
 g - a potion of flight {unknown}
 i - a potion of cancellation {unknown}
 j - 3 potions of curing {unknown}
 o - a potion of degeneration {unknown}


   Skills:
 - Level 4.0 Fighting
 + Level 6.3 Dodging
 - Level 4.0 Stealth
 - Level 3.0 Spellcasting
 - Level 1.3 Transmutations
 - Level 3.2 Poison Magic


You had 6 spell levels left.
You knew the following spells:

 Your Spells              Type           Power      Damage    Failure   Level
a - Sting                 Tmut/Pois      36%        1d4       8%          1
b - Poisonous Vapours     Pois/Air       14%        N/A       14%         2
c - Mephitic Cloud        Conj/Pois/Air  5%         N/A       34%         3

Your spell library contained the following spells:

 Spells                   Type           Power      Damage    Failure   Level
 Olgreb's Toxic Radiance  Pois           12%        N/A       43%         4


Dungeon Overview and Level Annotations

Branches:
Dungeon (5/15)
 Temple: D:4-7

Altars:

Annotations:
D:3 1 runed translucent door, elongatedgoose's ghost, amateur DsAE


Innate Abilities, Weirdness & Mutations

((You are very nimble when in or above water. (Stealth+, EV+, Speed+++)))
Your lower body shifts to a powerful aquatic tail in water.


Message History

Confirm with . or Enter, or press ? or * to list all spells.
Aiming: Sting (safe; 8% risk of failure)
Press: ? - help, Shift-Dir - straight line, f/p - adder
Aim: an adder (severely wounded, very poisoned, 48% to hit)
The sting misses the adder.
You feel sick.
The ogre looks more healthy.
The adder closely misses you.
Casting: Sting (safe; 8% risk of failure)
Confirm with . or Enter, or press ? or * to list all spells.
Aiming: Sting (safe; 8% risk of failure)
Press: ? - help, Shift-Dir - straight line, f/p - adder
Aim: an adder (severely wounded, very poisoned, 48% to hit)
The sting misses the adder.
You feel sick.
You are no longer poisoned.
The adder barely misses you. The adder bites you.
* * * LOW HITPOINT WARNING * * *
You are poisoned.
The adder poisons you!
Casting: Sting (safe; 8% risk of failure)
Confirm with . or Enter, or press ? or * to list all spells.
Aiming: Sting (safe; 8% risk of failure)
Press: ? - help, Shift-Dir - straight line, f/p - adder
Aim: an adder (almost dead, very poisoned, 48% to hit)
The sting hits the adder.
The adder looks as sick as possible!
You kill the adder!
You feel sick.
You have reached level 7!
You feel sick.
You feel sick. The ogre misses you.
You feel sick.
You feel sick.
You are no longer poisoned.
Casting: Sting (safe; 8% risk of failure)
Confirm with . or Enter, or press ? or * to list all spells.
Aiming: Sting (safe; 8% risk of failure)
Press: ? - help, Shift-Dir - straight line, f - ogre
Aim: an ogre, wielding a +0 giant club (almost dead, 85% to hit)
The sting hits the ogre.
The ogre is poisoned.
The ogre is almost dead.
The ogre hits you with a +0 giant club!!
You die...

#######.#
####........
#.O@........
#.##.#.....
##.##.# ..#
#?....# #
#######


You could see an ogre (poisoned).

Vanquished Creatures
  Sigmund (D:3)
  Natasha (thrice) (D:2)
  Robin (D:2)
  9 adders
  A shadow imp (D:4)
  2 worms (D:2)
  2 dart slugs
  9 ball pythons
  7 endoplasms
  3 giant cockroaches
  17 goblins
  8 hobgoblins
  8 kobolds
  4 quokkas
  3 bats
  12 frilled lizards
  7 rats
97 creatures vanquished.

Vanquished Creatures (others)
  A rat (D:3)
  6 plants (D:1)
7 creatures vanquished.

Grand Total: 104 creatures vanquished

Notes
Turn   | Place    | Note
-------+----------+-------------------------------------------
     0 | D:1      | enile the Merfolk Venom Mage began the quest for the Orb.
     0 | D:1      | Reached XP level 1. HP: 13/13 MP: 3/3
   149 | D:1      | Reached skill level 1 in Fighting
   299 | D:1      | Reached XP level 2. HP: 14/22 MP: 0/5
   658 | D:1      | Reached skill level 3 in Dodging
   969 | D:1      | Reached XP level 3. HP: 20/27 MP: 4/6
  1325 | D:1      | Reached skill level 4 in Dodging
  1547 | D:2      | Identified the ring "Ochutat" {Fly rC+ rCorr}
  1630 | D:2      | Learned a level 2 spell: Poisonous Vapours
  2048 | D:2      | Noticed Natasha
  2062 | D:1      | Reached XP level 4. HP: 29/33 MP: 0/7
  2144 | D:2      | Noticed Robin
  2155 | D:1      | Reached skill level 5 in Dodging
  2789 | D:3      | Noticed Sigmund
  3339 | D:2      | Killed Natasha
  3340 | D:2      | Reached XP level 5. HP: 38/38 MP: 0/8
  3938 | D:2      | Killed Robin
  4572 | D:2      | Noticed Natasha
  4584 | D:2      | Killed Natasha
  4592 | D:2      | Noticed Natasha
  4600 | D:2      | Killed Natasha
  4738 | D:3      | Found a runed translucent door.
  4797 | D:3      | Killed Sigmund
  4798 | D:3      | Reached XP level 6. HP: 31/48 MP: 3/10
  5079 | D:3      | Noticed elongatedgoose's ghost (amateur DsAE)
  5400 | D:3      | Reached skill level 6 in Dodging
  5509 | D:3      | Learned a level 3 spell: Mephitic Cloud
  5763 | D:4      | Noticed a necrophage
  5804 | D:5      | Entered Level 5 of the Dungeon
  5841 | D:5      | Reached XP level 7. HP: 13/53 MP: 3/11
  5846 | D:5      | Mangled by an ogre

Illustrated notes

Levels and vault maps discovered:
D:1:      dpeg_arrival_three_smaller_balls, layout_loops_ring,
          minmay_lizard_king
D:2:      layout_basic, uniq_natasha, uniq_robin
D:3:      layout_basic, ebering_ghost_sewer_d, minivault_26,
          lemuel_old_faithful, uniq_sigmund
D:4:      layout_basic
D:5:      layout_basic, serial_shops, shop

Skill      XL: |  1  2  3  4  5  6 |
---------------+-------------------+-----
Fighting       | 1 2 4 |  4.0
Dodging        | 3 4 5 6 |  6.3
Stealth        | 4 |  4.0
Spellcasting   | 3 |  3.0
Transmutations | |  1.3
Poison Magic   | |  3.2

Action                   |  1- 3 |  4- 6 |  7- 9 || total
-------------------------+-------+-------+-------++-------
Melee: War axe           |    33 |       |       ||    33
       Dagger            |    34 |    51 |       ||    85
       Punch             |       |     2 |       ||     2
 Fire: Hunting sling     |       |    58 |       ||    58
 Cast: Sting             |    51 |    80 |     1 ||   132
       Poisonous Vapours |    12 |    37 |       ||    49
  Use: Scroll            |     1 |     2 |       ||     3
 Stab: Sleeping          |     1 |     1 |       ||     2
Armor: Robe              |    12 |    16 |       ||    28
Dodge: Dodged            |    66 |    97 |     1 ||   164
